 Dungeon Crawl Stone Soup version 0.30-a0-1074-g5db6f66fbb (webtiles) character file.

Game seed: 15508423422719609441

18015 cheesebisquit the Tainter (level 12, -5/75 HPs)
             Began as a Gargoyle Venom Mage on Apr 13, 2023.
             Was a Priest of Vehumet.
             Killed from afar by a manticore (18 damage)
             ... with a volley of spikes
             ... on level 12 of the Dungeon.
             The game lasted 01:12:34 (17815 turns).

cheesebisquit the Tainter (Gargoyle Venom Mage)    Turns: 17815, Time: 01:12:34

Health: -5/75      AC: 23    Str: 12    XL:     12   Next: 54%
Magic:  32/32      EV: 17    Int: 21    God:    Vehumet [***...]
Gold:   77         SH:  0    Dex: 10    Spells: 16/26 levels left

rFire   . . .      SeeInvis .    t - +4 morningstar (protect)
rCold   . . .      Faith    .    (no shield)
rNeg    + . .      Spirit   .    b - +0 troll leather armour
rPois   ∞          Reflect  .    r - +2 helmet
rElec   +          Rampage  .    N - +0 cloak
rCorr   .                        m - +0 pair of gloves
Will    .....                    n - +2 pair of boots
Stlth   ++                       (no amulet)
HPRegen 1.12/turn                x - ring of magical power
MPRegen 0.23/turn                D - +5 ring of evasion

@: spiked
A: sickness immunity, AC +8, negative energy resistance 1, electricity
resistance, torment resistance 1, petrification resistance
a: Renounce Religion


You were on level 12 of the Dungeon.
You worshipped Vehumet.
Vehumet was most pleased with you.
You visited 2 branches of the dungeon, and saw 13 of its levels.

You collected 795 gold pieces.
You spent 718 gold pieces at shops.

Inventory:

Hand Weapons
 l - a +0 whip of electrocution
 t - a +4 morningstar of protection (weapon)
Missiles
 A - 33 poisoned darts
 F - a throwing net
 H - 10 atropa-tipped darts
Armour
 b - a +0 troll leather armour (worn)
 m - a +0 pair of gloves (worn)
 n - a +2 pair of boots (worn)
 r - a +2 helmet (worn)
 N - a +0 cloak (worn)
 T - a scarf of harm
Magical Staves
 O - the staff of air "Cetre" {rElec Dex+5}
   (You bought it in a shop on level 8 of the Dungeon)

   [staff of air]

   Base accuracy: +5 Base damage: 5 Base attack delay: 1.2 This weapon's minimum
   attack delay (0.6) is reached at skill level 12.
   Dex:       It affects your dexterity (+5).
   rElec:     It insulates you from electricity.
   It falls into the 'Staves' category.
   It is a one-handed weapon.
Jewellery
 x - a ring of magical power (left hand)
 D - a +5 ring of evasion (right hand)
 Q - a ring of see invisible
Wands
 a - a wand of charming (16)
 g - a wand of mindburst (2)
 B - a wand of polymorph (6)
 C - a wand of quicksilver (13)
 K - a wand of flame (26)
 P - a wand of iceblast (4)
Scrolls
 f - 4 scrolls of vulnerability
 h - 6 scrolls of teleportation
 j - a scroll of noise
 k - 4 scrolls of poison
 o - a scroll of silence
 p - 4 scrolls of fog
 s - 3 scrolls of magic mapping
 v - 6 scrolls of immolation
 y - a scroll of enchant armour {unknown}
 z - a scroll of fear
 G - 2 scrolls of blinking {unknown}
 L - a scroll of acquirement {unknown}
Potions
 c - a potion of attraction
 d - 2 potions of haste
 e - 2 potions of brilliance
 i - 3 potions of mutation
 q - 3 potions of lignification
 u - a potion of curing
 w - a potion of magic
 E - a potion of flight
 I - 2 potions of might
 J - a potion of cancellation
 R - a potion of degeneration
 S - a potion of ambrosia


   Skills:
 + Level 8.8 Fighting
 + Level 8.1 Maces & Flails
 + Level 7.1 Armour
 + Level 4.2 Dodging
 - Level 2.1 Stealth
 + Level 7.7 Spellcasting
 - Level 0.7 Transmutations
 * Level 12.7 Poison Magic


You had 16 spell levels left.
You knew the following spells:

 Your Spells              Type           Power      Damage    Failure   Level
a - Sting                 Tmut/Pois      100%       1d8       1%          1
c - Mephitic Cloud        Conj/Pois/Air  25%        N/A       1%          3
d - Olgreb's Toxic Radia  Pois           57%        N/A       1%          4
z - Poisonous Vapours     Pois/Air       68%        N/A       1%          2

Your spell library contained the following spells:

 Spells                   Type           Power      Damage    Failure   Level
 Hailstorm                Conj/Ice       8%         3d4       9%          3
 Slow                     Hex            32%        N/A       10%         1
 Confusing Touch          Hex            8%         N/A       30%         3
 Vampiric Draining        Necr           8%         2d6       30%         3


Dungeon Overview and Level Annotations

Branches:
Dungeon (12/15)            Temple (1/1) D:6            Lair (0/5) D:9
    Orc (0/2) D:12

Altars:
Ashenzari
Cheibriados
Dithmenos
Elyvilon
Fedhas
Gozag
Hepliaklqana
Kikubaaqudgha
Makhleb
Nemelex Xobeh
Okawaru
Qazlal
Ru
Sif Muna
Trog
Uskayaw
Vehumet
Wu Jian
Xom
Yredelemnul
Zin
The Shining One

Shops:
D:8 *   D:9 [   D:11 [


Innate Abilities, Weirdness & Mutations

You are immune to sickness and miasma.
Your stone body is resilient. (AC +8)
You are immune to poison.
You resist negative energy. (rN+)
You are resistant to electric shocks. (rElec)
You are resistant to unholy torment.
You are immune to petrification.


Message History

You hit the polar bear.
You kill the polar bear!
Vehumet accepts your kill. Something hits you but does no damage.
The manticore bites you but does no damage.
The manticore claws you but does no damage.
The manticore closely misses you. The troll bites you but does no damage.
The troll claws you but does no damage. The troll barely misses you.
The howler monkey howls!
You thump something! Something hits you but does no damage.
The manticore bites you. The manticore misses you.
The manticore claws you but does no damage.
The troll bites you! The troll completely misses you.
The troll claws you but does no damage.
You barely miss the troll. Something hits you but does no damage.
The manticore misses you. The manticore closely misses you.
The manticore barely misses you. The troll bites you but does no damage.
The troll claws you but does no damage. x2
Something hits you but does no damage.
You barely miss the troll. Something hits you but does no damage.
The manticore completely misses you. The manticore misses you.
The manticore claws you but does no damage.
The troll barely misses you. x2; The troll claws you but does no damage.
A gargoyle comes into view. It is wielding a +0 flail.
You closely miss the troll. The manticore bites you. The manticore claws you!
* * * LOW HITPOINT WARNING * * *
The manticore claws you but does no damage.
The troll misses you. The troll completely misses you.
The troll barely misses you. The troll attacks as you move away!
The troll misses you. The troll claws you but does no damage.
The troll barely misses you. Something hits you but does no damage.
The troll attacks as you move away! The troll bites you but does no damage.
The troll closely misses you. The troll claws you but does no damage.
Something hits you!
* * * LOW HITPOINT WARNING * * *
The manticore flicks its tail.
The volley of spikes hits you!!
The barbed spikes become lodged in your body.
You die...

.#....... #....c3.#.......
........## ##.....##..#....
.........## #....###..###.#
#.........###....###.## #.#
#..........#....##..# ##.#
#............>....###...
#....H##....##...##...##
#..)hT.##..#####....####
.#...C..@...# ##..##
#..h9.........# ####.##
..............###....## ###
#.....................###..
.#............#######.....#
............### ##..###
............# #..#
............# #..#
............# ###..##


You could see a manticore, a cyclops, a troll, a gargoyle and 2 howler monkeys.

Vanquished Creatures
  Josephine (D:10)
  A death knight (D:8)
  2 centaur warriors
  4 two-headed ogres
  2 manticores
  An unseen horror (D:7)
  A kobold demonologist (D:8)
  A tengu conjurer (D:8)
  4 trolls
  A polar bear (shapeshifter) (D:12)
  14 yaks
  7 wraiths
  3 wyverns
  Grum (D:10)
  2 steam dragons
  2 basilisks
  The ghost of hwolsky the Ducker, an amateur DjFE (D:4)
  A warg (D:12)
  11 vampire mosquitoes
  5 water moccasins
  3 acid dragons
  4 orc warriors
  3 black bears
  A sky beast (D:7)
  3 ogres
  5 wolves
  7 centaurs
  A phantom (D:5)
  2 kobold brigands
  2 bullfrogs
  A gnoll sergeant (D:8)
  2 scorpions
  3 wights (D:7)
  4 killer bees (D:9)
  2 electric eels (D:9)
  2 howler monkeys
  3 orc priests (D:12)
  5 jellies
  10 hounds
  4 sleepcaps
  An iguana (D:5)
  10 orc wizards
  Natasha (thrice) (D:3)
  A mummy (D:9)
  9 adders
  3 gnolls (D:4)
  2 shadow imps
  3 white imps
  An ufetubus (D:5)
  A worm (D:2)
  12 dart slugs
  27 orcs
  10 ball pythons
  6 bats
  3 endoplasms
  6 giant cockroaches
  8 goblins
  7 hobgoblins
  8 jackals
  15 kobolds
  6 quokkas
  4 frilled lizards
  2 rats
280 creatures vanquished.

Vanquished Creatures (others)
  13 fungi (D:5)
  9 plants
22 creatures vanquished.

Grand Total: 302 creatures vanquished

Notes
Turn   | Place    | Note
-------+----------+-------------------------------------------
     0 | D:1      | cheesebisquit the Gargoyle Venom Mage began the quest for
                  | the Orb.
     0 | D:1      | Reached XP level 1. HP: 10/10 MP: 3/3
   141 | D:1      | Reached XP level 2. HP: 15/15 MP: 0/5
   533 | D:1      | Reached skill level 4 in Poison Magic
   762 | D:1      | Reached XP level 3. HP: 19/19 MP: 3/6
  1097 | D:1      | Learned a level 2 spell: Poisonous Vapours
  1101 | D:1      | Learned a level 3 spell: Mephitic Cloud
  1181 | D:2      | Reached XP level 4. HP: 23/24 MP: 0/7
  1621 | D:2      | Reached skill level 5 in Poison Magic
  1935 | D:2      | Found an iron altar of Okawaru.
  2371 | D:3      | Found a stormy altar of Qazlal.
  2713 | D:3      | Reached XP level 5. HP: 19/28 MP: 1/8
  3188 | D:3      | Noticed Natasha
  3197 | D:3      | Killed Natasha
  3198 | D:3      | Reached skill level 1 in Fighting
  3205 | D:3      | Noticed Natasha
  3210 | D:3      | Killed Natasha
  3211 | D:3      | Reached skill level 1 in Maces & Flails
  3609 | D:4      | You fall into a shaft and drop 3 floors!
  3642 | D:6      | Noticed an ogre
  3642 | D:6      | Found a staircase to the Ecumenical Temple.
  3652 | D:5      | Entered Level 5 of the Dungeon
  3786 | D:5      | Noticed a centaur
  3795 | D:5      | Killed a centaur
  3796 | D:5      | Reached XP level 6. HP: 31/35 MP: 9/9
  4021 | D:4      | Reached skill level 6 in Poison Magic
  4028 | D:4      | Learned a level 4 spell: Olgreb's Toxic Radiance
  4231 | D:3      | Noticed Natasha
  4240 | D:3      | Killed Natasha
  4396 | D:4      | Reached XP level 7. HP: 35/40 MP: 9/11
  4645 | D:3      | Found a stormy altar of Qazlal.
  5542 | D:4      | Found a large runed translucent door.
  5543 | D:4      | Found a large runed translucent door.
  5545 | D:4      | Noticed hwolsky's ghost (amateur DjFE)
  6371 | D:5      | Reached skill level 7 in Poison Magic
  6455 | D:4      | Killed hwolsky's ghost
  6456 | D:4      | Reached XP level 8. HP: 46/46 MP: 13/13
  7339 | D:6      | Reached skill level 8 in Poison Magic
  7500 | Temple   | Entered the Ecumenical Temple
  7797 | Temple   | Became a worshipper of Vehumet
  8015 | D:7      | Noticed a wyvern
  8025 | D:7      | Killed a wyvern
  8279 | D:7      | Reached XP level 9. HP: 49/52 MP: 15/15
  8542 | D:7      | Reached skill level 5 in Fighting
  8754 | D:7      | Reached skill level 1 in Armour
  8997 | D:7      | Reached skill level 5 in Maces & Flails
  8997 | D:7      | Reached skill level 9 in Poison Magic
  9040 | D:7      | Reached skill level 5 in Spellcasting
  9752 | D:8      | Found a white marble altar of Elyvilon.
 10033 | D:8      | Found Lyhad's Assorted Antiques.
 10140 | D:8      | Reached * piety under Vehumet
 10140 | D:8      | Offered knowledge of Sandblast by Vehumet.
 10358 | D:8      | Bought a scroll of identify for 66 gold pieces
 10358 | D:8      | Bought a smoking staff for 396 gold pieces
 10358 | D:8      | Identified the staff of air "Cetre" {rElec Dex+5} (You
                  | bought it in a shop on level 8 of the Dungeon)
 10423 | D:8      | Noticed a troll
 10457 | D:8      | Killed a troll
 10458 | D:8      | Reached XP level 10. HP: 20/60 MP: 18/18
 11229 | D:7      | Killed an unseen horror
 11230 | D:7      | Reached skill level 10 in Poison Magic
 11618 | D:8      | Noticed a death knight
 11621 | D:8      | Noticed a kobold demonologist
 11935 | D:8      | HP: 3/61 [death knight/+0 glaive (8)]
 12166 | D:8      | Killed a death knight
 12330 | D:8      | Noticed a centaur warrior
 12360 | D:7      | Killed a centaur warrior
 12435 | D:8      | Noticed a manticore
 12452 | D:8      | Killed a manticore
 12547 | D:8      | Killed a kobold demonologist
 12631 | D:8      | Found a glowing golden altar of the Shining One.
 12652 | D:9      | Found a snail-covered altar of Cheibriados.
 12878 | D:9      | Found a staircase to the Lair.
 12893 | D:9      | Reached XP level 11. HP: 54/67 MP: 20/20
 12950 | D:9      | Reached skill level 11 in Poison Magic
 12995 | D:9      | Reached skill level 5 in Armour
 13294 | D:9      | Found a snail-covered altar of Cheibriados.
 13315 | D:9      | Found Cheibriados's Comfort Zone.
 13344 | D:9      | Offered knowledge of Searing Ray by Vehumet.
 13378 | D:9      | Reached ** piety under Vehumet
 13379 | D:9      | Noticed a two-headed ogre
 13395 | D:9      | Killed a two-headed ogre
 13959 | D:10     | Entered Level 10 of the Dungeon
 14095 | D:10     | Noticed a two-headed ogre
 14110 | D:10     | Killed a two-headed ogre
 14403 | D:10     | Found a shimmering altar of Xom.
 15109 | D:10     | Noticed Grum
 15129 | D:10     | Killed Grum
 15252 | D:11     | Noticed a two-headed ogre
 15252 | D:11     | Noticed a two-headed ogre
 15263 | D:10     | Killed a two-headed ogre
 15264 | D:10     | Reached skill level 12 in Poison Magic
 15614 | D:10     | Found a shimmering altar of Xom.
 15646 | D:10     | Killed a two-headed ogre
 15646 | D:10     | Offered knowledge of Stone Arrow by Vehumet.
 16013 | D:11     | Found Otwi's Antique Armour Emporium.
 16052 | D:11     | Bought a runed scarf for 256 gold pieces
 16094 | D:11     | Noticed Josephine
 16127 | D:10     | Reached XP level 12. HP: 71/72 MP: 22/22
 16438 | D:10     | Killed Josephine
 16515 | D:11     | Found an opulent altar of Gozag.
 16516 | D:11     | Identified the +10 plate armour of the True Pharaoh
                  | {Rampage Str+6}
 16526 | D:11     | Found an opulent altar of Gozag.
 16579 | D:11     | Found an opulent altar of Gozag.
 16584 | D:11     | Found an opulent altar of Gozag.
 16976 | D:11     | Reached *** piety under Vehumet
 17043 | D:12     | Noticed a soul eater
 17047 | D:12     | Noticed a sun demon
 17092 | D:12     | Noticed a centaur warrior
 17110 | D:11     | Killed a centaur warrior
 17386 | D:12     | Offered knowledge of Hailstorm by Vehumet.
 17722 | D:12     | Found a staircase to the Orcish Mines.
 17815 | D:12     | Killed from afar by a manticore

Illustrated notes

Levels and vault maps discovered:
D:1:      scummos_arrival_simple_fountains, layout_basic
D:2:      layout_basic, serial_curves, eino_curves_03, eino_curves_04,
          eino_curves_03, basic_altar
D:3:      kennysheep_slugbush, layout_basic, mainiacjoe_overflow_boulevard,
          serial_park_tiny_2, uniq_natasha
D:4:      layout_rooms, ebering_ghost_disaster_area
D:5:      layout_basic, serial_aquarium, aquarium_bridge_square
          [aquarium_subvault_wall, aquarium_subvault_bridge,
          aquarium_subvault_bridge, aquarium_subvault_window],
          aquarium_bridge_square [aquarium_subvault_bridge,
          aquarium_subvault_bridge, aquarium_subvault_wall,
          aquarium_subvault_wall], aquarium_window_1, aquarium_window_3,
          aquarium_window_1, aquarium_view_2c, aquarium_view_2c,
          aquarium_balcony_1a, aquarium_pool_five
D:6:      layout_rooms, minmay_temple_entry_mist, minmay_misc_feat_five
D:7:      layout_basic
D:8:      minmay_bloctagon, layout_basic, kennysheep_mini, elyvilon_altar_4,
          serial_shops, nicolae_shop_statue_plus
D:9:      layout_irregular_city, chei_slow_surprise, erik_lair_island,
          minmay_shop_chei
D:10:     layout_stronghold, marbit_many_paths, amcnicky_mini_pool_small,
          uniq_grum
D:11:     layout_cave_pools, serial_shops, nicolae_shop_overgrown_old_shop,
          nicolae_gozag_conspicuous_consumption, uniq_josephine
D:12:     cheibrodos_fzero, layout_layer_cave, erik_orc_4
Temple:   minmay_temple_bridge_d

Skill      XL: |  1  2  3  4  5  6  7  8  9 10 11 12 |
---------------+-------------------------------------+-----
Poison Magic   | 4 5 6 7 8 9 10 12 | 12.7
Fighting       | 1 2 3 4 6 7 8 |  8.8
Maces & Flails | 1 2 3 4 5 6 7 8 |  8.1
Spellcasting   | 3 4 5 6 7 |  7.7
Armour         | 3 4 6 7 |  7.1
Dodging        | 3 4 |  4.2
Stealth        | |  2.1
Transmutations | |  0.7

Action                     |  1- 3 |  4- 6 |  7- 9 | 10-12 || total
---------------------------+-------+-------+-------+-------++-------
  Melee: Unarmed           |     5 |       |       |       ||     5
         Club              |     8 |       |       |       ||     8
         Whip              |    18 |    14 |       |       ||    32
         Morningstar       |       |    38 |   108 |   369 ||   515
         Punch             |       |     2 |     2 |     3 ||     7
   Cast: Sting             |    56 |   176 |   239 |   404 ||   875
         Poisonous Vapours |       |       |    34 |    76 ||   110
         Olgreb's Toxic Ra |       |       |     8 |    15 ||    23
         Mephitic Cloud    |       |       |     3 |       ||     3
  Evoke: Wand              |       |       |       |     2 ||     2
    Use: Scroll            |       |     1 |    16 |    12 ||    29
         Potion            |       |       |     4 |     5 ||     9
   Stab: Sleeping          |       |       |     1 |       ||     1
 Armour: Robe              |    25 |    64 |    53 |       ||   142
         Leather armour    |       |       |    59 |       ||    59
         Steam dragon scal |       |       |    32 |       ||    32
         Troll leather arm |       |       |       |   521 ||   521
  Dodge: Dodged            |    27 |   106 |   211 |   890 ||  1234

Table legend: (Time is in decaauts)
 A = Elapsed time spent in this place.
 B = Non-inter-level travel time spent in this place.
 C = Inter-level travel time spent in this place.
 D = Time resting spent in this place.
 E = Time spent auto-exploring this place.
 F = Levels seen in this place.
 G = Mean time per level.
                   A        B        C        D        E       F      G
               +--------+--------+--------+--------+--------+-----+--------+
         Total |  17975 |  16797 |   1178 |   1130 |  12335 |  13 | 1382.7 |
       Dungeon |  17605 |  16572 |   1033 |   1130 |  12124 |  12 | 1467.1 |
        Temple |    369 |    224 |    145 |      0 |    211 |   1 |  369.0 |
               +--------+--------+--------+--------+--------+-----+--------+

Top non-repeatable levels by time:
     D:7: 3060 daAuts
     D:3: 2328 daAuts
    D:10: 2061 daAuts
     D:8: 1653 daAuts
     D:9: 1450 daAuts
     D:2: 1328 daAuts
     D:5: 1185 daAuts
     D:1: 1122 daAuts
    D:11: 1048 daAuts
     D:4: 955 daAuts
     D:6: 770 daAuts
    D:12: 639 daAuts
  Temple: 369 daAuts
